 Dungeon Crawl Stone Soup version 0.31.0-9-g3a7656b989 (webtiles) character file.

Game seed: 14409897369892777357

168 qw the Shooter (level 5, -4/41 HPs)
             Began as a Demigod Hunter on Feb 2, 2024.
             Slain by a gnoll
             ... wielding a +0 flail
              (8 damage)
             ... on level 3 of the Dungeon.
             The game lasted 00:00:08 (1986 turns).

qw the Shooter (Demigod Hunter)                     Turns: 1986, Time: 00:00:08

Health: -4/41      AC:  5    Str: 12    XL:     5   Next: 3%
Magic:  7/7        EV: 11    Int: 11    God:
Gold:   213        SH:  0    Dex: 21    Spells: 4/4 levels left

rFire   . . .        b - +0 arbalest
rCold   . . .        (shield currently unavailable)
rNeg    . . .        e - +0 ring mail
rPois   .            (no helmet)
rElec   .            (no cloak)
rCorr   .            (no gloves)
SInv    .            (no boots)
Will    .....        (no amulet)
Stlth   +            (no ring)
HPRegen 0.26/turn    (no ring)
MPRegen 0.10/turn

%: no passive effects
@: no status effects
A: high MP 1, forlorn, divine attributes
a: no special abilities


You were on level 3 of the Dungeon.
You visited 1 branch of the dungeon, and saw 3 of its levels.

You collected 213 gold pieces.


Innate Abilities, Weirdness & Mutations

You have an increased reservoir of magic. (+10% MP)
You shall have no god before yourself.
Your divine heritage dramatically boosts your attributes as you level up.


   Skills:
 - Level 2.0 Fighting
 + Level 5.7 Ranged Weapons
 - Level 1.0 Armour
 - Level 2.0 Dodging
 - Level 0.8 Stealth


You had 4 spell levels left.
You didn't know any spells.
Your spell library was empty.

Inventory:

Hand Weapons
 b - a +0 arbalest (weapon)
Armour
 d - a +0 helmet
 e - a +0 ring mail (worn)
Wands
 c - a wand of mindburst (13)
Potions
 a - a potion of might {unknown}
 g - 2 potions of brilliance {unknown}
 h - a potion of haste {unknown}

Dungeon Overview and Level Annotations

Branches:
Dungeon (3/15)


Message History

The bombardier beetle is heavily wounded.
You shoot a bolt. The bolt hits the bombardier beetle!!
You kill the bombardier beetle!
A gnoll comes into view. It is wielding a +0 heavy spear.
The gnoll shouts!
You hear a shout!
You shoot a bolt. The bolt barely misses the gnoll.
A gnoll comes into view. It is wielding a +0 club.
You shoot a bolt. The bolt closely misses the gnoll.
The bolt hits the gnoll!
The gnoll is heavily wounded.
A gnoll comes into view. It is wielding a +0 whip.
You shoot a bolt. The bolt barely misses the gnoll.
The gnoll shouts!
The bolt hits the gnoll!
You kill the gnoll!
The gnoll closely misses you.
You have reached level 5!
You shoot a bolt. The bolt barely misses the gnoll.
A gnoll comes into view. It is wielding a +0 flail.
The gnoll closely misses you.
You shoot a bolt. The bolt closely misses the gnoll.
The gnoll shouts!
The gnoll hits you from afar with a +0 heavy spear!
You shoot a bolt. The bolt closely misses the gnoll.
The bolt hits the gnoll.
The gnoll is moderately wounded.
The gnoll hits you from afar with a +0 heavy spear.
The gnoll hits you with a +0 whip!
You shoot a bolt. The bolt barely misses the gnoll.
The bolt hits the gnoll.
The gnoll is heavily wounded.
The gnoll closely misses you.
The gnoll hits you from afar with a +0 heavy spear.
The gnoll completely misses you.
The gnoll hits you from afar with a +0 heavy spear.
You shoot a bolt. The bolt barely misses the gnoll.
The gnoll hits you with a +0 flail! The gnoll hits you with a +0 whip.
The gnoll hits you but does no damage. The gnoll hits you with a +0 whip.
The gnoll hits you with a +0 flail.
You shoot a bolt. The bolt hits the gnoll.
The gnoll is heavily wounded.
The gnoll hits you with a +0 flail!
You die...

.......(. .........
......... ### #%.......
..# ##### #........ #.#
#...# #....)... #.#
#...#####.gg..... #.##
#...'...'@g...... #..#
#...#####........
##.#######.#####........
...)...........>........
....###########..#######
..#.####### #..# .
..........# #..# .#
.##.......# #..####.#
#####.....#####.......#


You could see 3 gnolls.

Vanquished Creatures
  A bombardier beetle (D:3)
  Robin (D:3)
  3 adders
  A gnoll (D:3)
  A ribbon worm (D:2)
  6 endoplasms
  4 giant cockroaches
  12 hobgoblins
  2 jackals (D:2)
  7 kobolds
  2 quokkas
  3 ball pythons
  7 bats
  5 frilled lizards
  15 goblins
  7 rats
77 creatures vanquished.

Notes
Turn   | Place    | Note
-------+----------+-------------------------------------------
     0 | D:1      | qw the Demigod Hunter began the quest for the Orb.
     0 | D:1      | Reached XP level 1. HP: 17/17 MP: 3/3
     0 | D:1      | 0 ||| qw: Version: 0.3-a-155-g5e7d8dd
     0 | D:1      | 0 ||| qw: Game counter: 218
     0 | D:1      | 0 ||| qw: Melee chars always use a shield: true
     0 | D:1      | 0 ||| qw: God list: Okawaru
     0 | D:1      | 0 ||| qw: Allow faded altars: false
     0 | D:1      | 0 ||| qw: Do Orc after clearing Dungeon:15 true
     0 | D:1      | 0 ||| qw: Do second Lair branch before Depths: true
     0 | D:1      | 0 ||| qw: Lair rune preference: random
     0 | D:1      | 0 ||| qw: Goals: Normal
     0 | D:1      | 0 ||| PLANNING D:1-11
   202 | D:1      | Reached skill level 4 in Ranged Weapons
   223 | D:1      | Reached XP level 2. HP: 15/24 MP: 4/4
   779 | D:1      | 779 ||| READING 2 scrolls labelled KYWUING ULAFEEX.
   779 | D:1      | 779 ||| IDENTIFYING glowing inky potion
   780 | D:1      | 780 ||| READING scroll of identify.
   780 | D:1      | 780 ||| IDENTIFYING sedimented red potion
   781 | D:1      | 781 ||| DROPPING scroll of butterflies.
   782 | D:1      | 782 ||| DROPPING potion of ambrosia.
   865 | D:2      | Reached XP level 3. HP: 21/29 MP: 5/5
   949 | D:2      | 949 ||| SWAPPING to +0 arbalest.
   951 | D:2      | 951 ||| DROPPING +0 shortbow.
  1190 | D:2      | 1190 ||| UPGRADING to +0 ring mail.
  1200 | D:2      | 1200 ||| DROPPING +0 leather armour.
  1201 | D:2      | 1201 ||| READING scroll labelled KADWAI PECOECO.
  1202 | D:2      | 1202 ||| READING scroll labelled ZUTEFF CAMIUXY.
  1202 | D:2      | 1202 ||| ENCHANTING +0 arbalest.
  1204 | D:2      | 1204 ||| Stepping ~*~*~tactically~*~*~ (cloud).
  1213 | D:2      | HP: 7/29 [poisoned by you (poison gas)]
  1409 | D:3      | Reached skill level 5 in Ranged Weapons
  1477 | D:3      | Reached XP level 4. HP: 23/36 MP: 6/6
  1614 | D:3      | Noticed Robin
  1617 | D:3      | Reached skill level 1 in Armour
  1623 | D:3      | Killed Robin
  1631 | D:3      | HP: 9/36 [goblin/+0 club[Robin] (3)]
  1632 | D:3      | 1632 ||| DRINKING potion of heal wounds.
  1981 | D:3      | Reached XP level 5. HP: 41/41 MP: 7/7
  1985 | D:3      | HP: 8/41 [gnoll/+0 whip (5)]
  1985 | D:3      | HP: 3/41 [gnoll/+0 flail (5)]
  1986 | D:3      | Slain by a gnoll

Levels and vault maps discovered:
D:1:      tarquinn_simple_flora_water_d, layout_basic, minmay_heptomino_l4
D:2:      layout_rooms, basic_altar
D:3:      layout_basic, lightli_temple_of_fire, grunt_decor_fettered,
          nicolae_concentric_dashed_squares_mild, uniq_robin

Skill      XL: |  1  2  3  4 |
---------------+-------------+-----
Ranged Weapons | 4 5 |  5.7
Fighting       | 2 |  2.0
Dodging        | 2 |  2.0
Armour         | 1 |  1.0
Stealth        | |  0.8

Action                     |  1- 3 |  4- 6 || total
---------------------------+-------+-------++-------
   Fire: Shortbow          |    90 |       ||    90
         Arbalest          |    22 |    52 ||    74
    Use: Scroll            |     4 |       ||     4
         Potion            |       |     1 ||     1
 Armour: Leather armour    |    17 |       ||    17
         Ring mail         |     7 |    46 ||    53
  Dodge: Dodged            |    26 |    39 ||    65

Table legend:
 A = Non-vault XP
 B = Vault XP
 C = Vault XP percentage of total XP
 D = Non-vault monster count
 E = Vault monster count
 F = Vault count percentage of total count
                 A         B        C        D         E       F
            +---------+---------+-------+---------+---------+-------
      Total |     199 |      41 |  17.1 |      62 |      15 |  19.5
            +---------+---------+-------+---------+---------+-------
        D:1 |      20 |       6 |  23.1 |      14 |       4 |  22.2
        D:2 |      61 |       0 |   0.0 |      28 |       0 |   0.0
        D:3 |     118 |      35 |  22.9 |      20 |      11 |  35.5
            +---------+---------+-------+---------+---------+-------
